 Dungeon Crawl Stone Soup version 0.25.1-9-gc5326a611f (webtiles) character file.

Game seed: 382546992999317093

2388 iamserjio the Skirmisher (level 9, 0/111 HPs)
             Began as a Gnoll Abyssal Knight on Jan 30, 2021.
             Was an Elder of Lugonu.
             Succumbed to a worker ant's poison
             ... on level 8 of the Dungeon.
             The game lasted 00:19:58 (2338 turns).

iamserjio the Skirmisher (Gnoll Abyssal Knight)     Turns: 2338, Time: 00:19:58

Health: 0/111      AC: 14    Str: 15    XL:     9   Next: 46%
Magic:  15/15      EV: 13    Int: 17    God:    Lugonu [****..]
Gold:   342        SH:  0    Dex: 15    Spells: 10/16 levels left

rFire    . . .     SeeInvis .   L - +6 flail (protect)
rCold    + + .     Gourm    .   (no shield)
rNeg     . . .     Faith    .   A - +0 ring mail {rC+}
rPois    .         Spirit   .   (no helmet)
rElec    .         Reflect  .   M - +0 cloak
rCorr    .         Harm     .   (no gloves)
MR       .....                  (no boots)
Stlth    ..........             f - amulet of magic regeneration
HPRegen  0.28/turn              J - ring of protection from cold
MPRegen  0.39/turn              (no ring)

@: berserking, lethally poisoned (0 -> -32), protection aura, very quick
A: distributed training, fangs 1, strong nose
a: Depart the Abyss, Bend Space, Banish, Corrupt, Renounce Religion


You were on level 8 of the Dungeon.
You worshipped Lugonu.
Lugonu was greatly pleased with you.
You were not hungry.

You visited 1 branch of the dungeon, and saw 8 of its levels.
You visited the Abyss 1 time.
You also visited: Sewer.

You collected 342 gold pieces.

Inventory:

Hand Weapons
 a - a +1 hand axe
 y - a +0 dagger
 C - a +0 spear
 E - a +3 vorpal war axe
 I - the +1 spear of the Beast {protect, Dex+7}
   (You found it on level 4 of the Dungeon)

   It grants its wielder temporary protection when it strikes (+7 to AC).
   It affects your dexterity (+7).
 L - a +6 flail of protection (weapon)
Missiles
 i - 43 bolts
 n - 11 poisoned darts (quivered)
 q - 5 boomerangs
 u - 32 arrows
 z - 8 javelins
 F - a throwing net {!f}
Armour
 b - a +0 leather armour
 m - a +0 ring mail
 p - a +1 chain mail of poison resistance
 A - a +0 ring mail of cold resistance (worn)
 B - a -2 leather armour
 M - a +0 cloak (worn)
 N - a +0 scale mail of cold resistance
 P - a cursed +0 leather armour
Jewellery
 f - an amulet of magic regeneration (around neck)
 J - a ring of protection from cold (left hand)
Wands
 D - a wand of flame (8)
Scrolls
 d - 3 scrolls of fog
 e - 2 scrolls of enchant weapon
 o - a scroll of fear
 r - a scroll of remove curse {@r2}
 v - 2 scrolls of teleportation {@r3}
 w - 5 scrolls of magic mapping {@r5}
 x - 3 scrolls of identify {unknown}
 G - a scroll of amnesia {unknown}
 H - a scroll of noise {unknown}
 K - 4 scrolls of enchant armour {unknown}
 R - a scroll of immolation {unknown}
Potions
 g - a potion of berserk rage
 h - 3 potions of curing {unknown}
 j - a potion of lignification {unknown}
 k - a potion of mutation {unknown}
 l - 2 potions of might {unknown}
 s - a potion of brilliance {unknown}
 t - 3 potions of magic {unknown}
 O - a potion of invisibility {unknown}
 Q - a potion of flight {unknown}
Comestibles
 c - 8 rations


   Skills:
 + Level 7.8 Fighting
 + Level 4.2 Short Blades
 + Level 4.2 Long Blades
 + Level 6.3 Axes
 + Level 4.2 Maces & Flails
 + Level 4.2 Polearms
 + Level 4.2 Staves
 + Level 4.2 Slings
 + Level 4.2 Bows
 + Level 4.2 Crossbows
 + Level 4.2 Throwing
 + Level 6.3 Armour
 + Level 5.0 Dodging
 + Level 4.2 Stealth
 + Level 4.2 Shields
 + Level 4.2 Unarmed Combat
 + Level 4.2 Spellcasting
 + Level 3.4 Conjurations
 + Level 3.4 Hexes
 + Level 3.4 Charms
 + Level 3.4 Summonings
 + Level 3.4 Necromancy
 + Level 3.4 Translocations
 + Level 3.4 Transmutations
 + Level 3.4 Fire Magic
 + Level 3.4 Ice Magic
 + Level 3.4 Air Magic
 + Level 3.4 Earth Magic
 + Level 3.4 Poison Magic
 + Level 6.6 Invocations
 + Level 4.2 Evocations


You had 10 spell levels left.
You knew the following spells:

 Your Spells              Type           Power        Failure   Level  Hunger
a - Call Canine Familiar  Summ           ###.....     21%         3    ###....
b - Confusing Touch       Hex            ###.....     21%         3    ###....

Your spell library contained the following spells:

 Spells                   Type           Power        Failure   Level  Hunger
 Summon Small Mammal      Summ           ###.         7%          1    None
 Call Imp                 Summ           ###.....     10%         2    ##.....
 Gell's Gravitas          Tloc           ###.......   21%         3    ###....
 Summon Guardian Golem    Hex/Summ       ###.....     21%         3    ###....
 Petrify                  Tmut/Erth      ###.....     54%         4    ####...
 Summon Ice Beast         Ice/Summ       ###.....     54%         4    ####...
 Summon Lightning Spire   Summ/Air       ###.....     54%         4    ####...
 Metabolic Englaciation   Hex/Ice        ###.......   88%         5    ######.
 Yara's Violent Unravell  Hex/Tmut       ###.......   88%         5    ######.


Dungeon Overview and Level Annotations

Branches:
Dungeon (8/15)             Temple (0/1) D:7           Sewer (visited)
   Lair: D:8-11

Altars:
Elyvilon
Okawaru
Sif Muna

Annotations:
D:6 Edmund
D:8 Pikel


Innate Abilities, Weirdness & Mutations

Your experience applies equally to all skills.
You have very sharp teeth.
Your uncanny sense of smell can sniff out nearby items.


Message History

You are more poisoned.
You sock the adder!
You kill the adder!
* * * LOW HITPOINT WARNING * * *
You feel sick. The gnoll sergeant closely misses you.
* * * LOW HITPOINT WARNING * * *
You feel sick. The worker ant barely misses you.
You barely miss the gnoll sergeant.
You bite the gnoll sergeant, but do no damage.
* * * LOW HITPOINT WARNING * * *
You feel sick.
The gnoll sergeant hits you with a +1 spear of venom.
* * * LOW HITPOINT WARNING * * *
You are more poisoned.
The worker ant bites you.
* * * LOW HITPOINT WARNING * * *
You are more poisoned.
The worker ant poisons you!
You barely miss the gnoll sergeant.
You die...

####............#
.#p≈≈≈...##+≈≈≈≈#
.#≈##≈≈.....≈##≈≈.
).≈≈##≈≈≈≈≈≈≈≈ #≈≈
≈≈≈≈≈############
######.#≈.#.≈.#.######
#.#.#.#..#.#.#.#.....##
.≈.≈...#..≈.#.≈.#a.#...∆
#)#.#.#.#..#.#.#@#...[#
######..≈#..≈.#.)g#
############## ∆


You could see a gnoll sergeant and a worker ant.

Vanquished Creatures
  A meliai (D:8)
  A steam dragon (D:6)
  A porcupine (D:6)
  An ice beast (D:8)
  A black bear (D:6)
  2 phantoms
  4 slaves (D:8)
  2 ogres (D:6)
  2 centaurs
  A big kobold (D:6)
  4 bullfrogs
  A scorpion (D:8)
  A howler monkey (D:6)
  A crimson imp (D:6)
  3 hounds
  2 jellies (D:5)
  2 orc priests (D:4)
  7 orc wizards
  Ijyb (D:3)
  Terence (D:3)
  3 worker ants (D:5)
  A hound skeleton (D:4)
  A mummy (D:4)
  5 adders
  3 river rats (Sewer)
  3 shadow imps
  An adder skeleton (D:4)
  8 worms
  2 leopard geckos
  24 orcs
  3 giant cockroaches
  3 hobgoblins
  2 quokkas
  18 ball pythons
  3 bats
  2 frilled lizards
  9 goblins
  4 kobolds
  A leopard gecko zombie (D:5)
  A quokka skeleton (D:7)
  26 rats
162 creatures vanquished.

Vanquished Creatures (collateral kills)
  An orc priest (D:6)
1 creature vanquished.

Grand Total: 163 creatures vanquished

Notes
Turn   | Place    | Note
-------+----------+-------------------------------------------
     0 | Abyss:1  | iamserjio the Gnoll Abyssal Knight began the quest for the
                  | Orb.
     0 | Abyss:1  | Reached XP level 1. HP: 23/23 MP: 3/3
    26 | D:1      | Escaped the Abyss
   176 | D:1      | Reached * piety under Lugonu
   176 | D:1      | Reached XP level 2. HP: 23/29 MP: 5/5
   260 | D:2      | You fall into a shaft and drop 2 floors!
   304 | D:3      | Noticed Terence
   311 | D:3      | Killed Terence
   311 | D:3      | Reached XP level 3. HP: 25/35 MP: 6/6
   313 | D:3      | Found a glowing drain.
   377 | Sewer    | Entered a sewer
   392 | Sewer    | Reached skill level 1 in Short Blades
   392 | Sewer    | Reached skill level 1 in Long Blades
   392 | Sewer    | Reached skill level 1 in Maces & Flails
   392 | Sewer    | Reached skill level 1 in Polearms
   392 | Sewer    | Reached skill level 1 in Staves
   392 | Sewer    | Reached skill level 1 in Slings
   392 | Sewer    | Reached skill level 1 in Bows
   392 | Sewer    | Reached skill level 1 in Crossbows
   392 | Sewer    | Reached skill level 1 in Throwing
   392 | Sewer    | Reached skill level 1 in Stealth
   392 | Sewer    | Reached skill level 1 in Shields
   392 | Sewer    | Reached skill level 1 in Unarmed Combat
   392 | Sewer    | Reached skill level 1 in Spellcasting
   392 | Sewer    | Reached skill level 1 in Evocations
   392 | Sewer    | Reached XP level 4. HP: 17/41 MP: 7/7
   436 | Sewer    | Reached ** piety under Lugonu
   440 | Sewer    | Reached skill level 1 in Conjurations
   440 | Sewer    | Reached skill level 1 in Hexes
   440 | Sewer    | Reached skill level 1 in Charms
   440 | Sewer    | Reached skill level 1 in Summonings
   440 | Sewer    | Reached skill level 1 in Necromancy
   440 | Sewer    | Reached skill level 1 in Translocations
   440 | Sewer    | Reached skill level 1 in Transmutations
   440 | Sewer    | Reached skill level 1 in Fire Magic
   440 | Sewer    | Reached skill level 1 in Ice Magic
   440 | Sewer    | Reached skill level 1 in Air Magic
   440 | Sewer    | Reached skill level 1 in Earth Magic
   440 | Sewer    | Reached skill level 1 in Poison Magic
   513 | Sewer    | Reached XP level 5. HP: 27/47 MP: 8/8
   559 | Sewer    | Reached skill level 5 in Invocations
   559 | Sewer    | Reached XP level 6. HP: 26/53 MP: 9/9
   781 | D:3      | Noticed Ijyb
   796 | D:3      | Paralysed by Ijyb for 2 turns
   803 | D:3      | Killed Ijyb
   803 | D:3      | Reached *** piety under Lugonu
   919 | D:5      | Entered Level 5 of the Dungeon
   930 | D:5      | Reached skill level 5 in Axes
   930 | D:5      | Reached skill level 5 in Armour
   970 | D:5      | Reached XP level 7. HP: 36/59 MP: 10/10
  1045 | D:4      | Found an iron altar of Okawaru.
  1078 | D:5      | Reached skill level 7 in Fighting
  1276 | D:4      | Got a warped spear
  1353 | D:4      | You fall into a shaft and drop 2 floors!
  1380 | D:6      | Reached XP level 8. HP: 37/67 MP: 12/12
  1419 | D:6      | Reached **** piety under Lugonu
  1621 | D:6      | Identified the cursed +1 spear of the Beast {protect,
                  | Dex+7} (You found it on level 4 of the Dungeon)
  1648 | D:6      | Learned a level 3 spell: Call Canine Familiar
  1652 | D:6      | Learned a level 3 spell: Confusing Touch
  1739 | D:6      | HP: 2/67 [orc/+0 flail (5)]
  1759 | D:6      | Found a white marble altar of Elyvilon.
  1806 | D:6      | Noticed Edmund
  1809 | D:6      | Noticed Edmund
  1809 | D:6      | Edmund changed into Edmund the bullfrog
  1827 | D:6      | Reached XP level 9. HP: 7/72 MP: 14/14
  1989 | D:7      | Found a shimmering blue altar of Sif Muna.
  2009 | D:7      | Found a staircase to the Ecumenical Temple.
  2224 | D:8      | Noticed Pikel
  2328 | D:8      | Noticed a meliai
  2334 | D:8      | Killed a meliai
  2334 | D:8      | Reached skill level 5 in Dodging
  2337 | D:8      | HP: 5/111 [poisoned by a gnoll sergeant]
  2337 | D:8      | HP: 1/111 [worker ant (3)]
  2338 | D:8      | Succumbed to a worker ant's poison

Illustrated notes

Levels and vault maps discovered:
D:1:      matt_arrival_diagonals, layout_basic
D:2:      layout_basic, minmay_tripent, uniq_sigmund
D:3:      layout_rooms, cheibrodos_sewer_entry_drain, minmay_door_square,
          minmay_goblin_outpost, uniq_terence, uniq_ijyb, uniq_grinder
D:4:      layout_rooms, okawaru_altar_gauntlet_db, gup_ossuary_entry_pyramid
D:5:      layout_gridville, first_ration, minmay_hollow_rounded_squares
D:6:      layout_loops_cross, basic_altar, kennysheep_generic_room_16,
          uniq_menkaure, uniq_edmund
D:7:      layout_cave_pools, minmay_temple_entry_antechambers, basic_altar
D:8:      layout_basic, minmay_manual_mullet, uniq_pikel

Skill      XL: |  1  2  3  4  5  6  7  8  9 |
---------------+----------------------------+-----
Short Blades   | 1 2 3 4 |  4.2
Long Blades    | 1 2 3 4 |  4.2
Maces & Flails | 1 2 3 4 |  4.2
Polearms       | 1 2 3 4 |  4.2
Staves         | 1 2 3 4 |  4.2
Slings         | 1 2 3 4 |  4.2
Bows           | 1 2 3 4 |  4.2
Crossbows      | 1 2 3 4 |  4.2
Throwing       | 1 2 3 4 |  4.2
Stealth        | 1 2 3 4 |  4.2
Shields        | 1 2 3 4 |  4.2
Unarmed Combat | 1 2 3 4 |  4.2
Spellcasting   | 1 2 3 4 |  4.2
Evocations     | 1 2 3 4 |  4.2
Conjurations   | 1 2 3 |  3.4
Hexes          | 1 2 3 |  3.4
Charms         | 1 2 3 |  3.4
Summonings     | 1 2 3 |  3.4
Necromancy     | 1 2 3 |  3.4
Translocations | 1 2 3 |  3.4
Transmutations | 1 2 3 |  3.4
Fire Magic     | 1 2 3 |  3.4
Ice Magic      | 1 2 3 |  3.4
Air Magic      | 1 2 3 |  3.4
Earth Magic    | 1 2 3 |  3.4
Poison Magic   | 1 2 3 |  3.4
Dodging        | 3 4 5 |  5.0
Invocations    | 5 6 |  6.6
Axes           | 5 6 |  6.3
Armour         | 5 6 |  6.3
Fighting       | 7 |  7.8

Action                   |  1- 3 |  4- 6 |  7- 9 || total
-------------------------+-------+-------+-------++-------
Melee: Hand axe          |    58 |   117 |    34 ||   209
       Bite              |     4 |     8 |    30 ||    42
       War axe           |       |       |   147 ||   147
       Flail             |       |       |    62 ||    62
Throw: Dart              |     4 |       |     5 ||     9
 Cast: Call Canine Famil |       |       |     1 ||     1
Invok: Depart the Abyss  |     1 |       |       ||     1
Evoke: Wand              |     1 |     9 |    22 ||    32
  Use: Potion            |       |     2 |     5 ||     7
       Scroll            |       |     1 |    10 ||    11
 Stab: Paralysed         |       |     8 |     3 ||    11
  Eat: Chunk             |       |       |     2 ||     2
       Ration            |       |       |     1 ||     1
Armor: Leather armour    |     2 |       |       ||     2
       Ring mail         |    11 |    64 |    47 ||   122
       Chain mail        |       |    21 |    85 ||   106
Dodge: Dodged            |    33 |    92 |   155 ||   280
